 Dungeon Crawl Stone Soup version 0.29-a0-823-gc37b1572da (webtiles) character file.

Game seed: 18338535042022900389

5116 IdlyInterested the Cruncher (level 10, -7/71 HPs)
             Began as a Demonspawn Gladiator on July 8, 2022.
             Mangled by an orc warrior
             ... wielding a +0 halberd
              (14 damage)
             ... in a bailey.
             The game lasted 00:30:07 (11168 turns).

IdlyInterested the Cruncher (Demonspawn Gladiator) Turns: 11168, Time: 00:30:08

Health: -7/71      AC: 12    Str: 18    XL:     10   Next: 32%
Magic:  10/10      EV: 13    Int: 10    God:
Gold:   288        SH:  0    Dex: 15    Spells: 9/9 levels left

rFire   . . .      SeeInvis .   u - staff of air
rCold   . . .      Faith    .   (no shield)
rNeg    . . .      Spirit   .   x - +0 steam dragon scales
rPois   +          Reflect  .   c - +0 helmet
rElec   +          Harm     .   (no cloak)
rCorr   .          Rampage  .   t - +0 pair of gloves
Will    .....                   w - +0 pair of boots
Stlth   +.........              (no amulet)
HPRegen 0.21/turn               s - ring of poison resistance
MPRegen 0.12/turn               (no ring)

@: no status effects
A: icy blue scales 2, foul stench 1, demonic magic 2
a: no special abilities


You were in a bailey.
You visited 2 branches of the dungeon, and saw 10 of its levels.
You also visited: Bailey.

You collected 517 gold pieces.
You spent 229 gold pieces at shops.

Inventory:

Hand Weapons
 a - a +1 quarterstaff
 n - a +0 morningstar
Missiles
 d - 3 throwing nets (quivered)
 e - a javelin
 f - 5 curare-tipped darts
 C - 8 boomerangs
Armour
 c - a +0 helmet (worn)
 i - a +2 robe of fire resistance
 t - a +0 pair of gloves (worn)
 w - a +0 pair of boots (worn)
 x - +0 steam dragon scales (worn)
Magical Staves
 u - a staff of air (weapon)
Jewellery
 s - a ring of poison resistance (left hand)
Wands
 o - a wand of polymorph (8)
 p - a wand of mindburst (4)
 r - a wand of acid (11)
 F - a wand of charming (7)
 G - a wand of roots (5)
Scrolls
 g - 3 scrolls of enchant weapon
 h - 3 scrolls of vulnerability
 m - 2 scrolls of magic mapping
 y - a scroll of teleportation
 z - 2 scrolls of amnesia
 B - 2 scrolls of fog
 E - a scroll of blinking
 H - a scroll of silence
Potions
 j - a potion of invisibility
 k - a potion of magic
 l - 3 potions of curing
 q - a potion of lignification
 v - a potion of flight
 A - 5 potions of resistance
 D - a potion of heal wounds
 I - a potion of cancellation


   Skills:
 - Level 4.0 Fighting
 + Level 12.0 Staves
 - Level 3.0 Throwing
 - Level 4.0 Armour
 - Level 4.0 Dodging
 - Level 2.0 Air Magic
 + Level 3.7 Evocations


You had 9 spell levels left.
You didn't know any spells.
Your spell library contained the following spells:

 Spells                   Type           Power      Damage    Failure   Level
 Frozen Ramparts          Ice            0%         1d2       75%         3
 Gell's Gravitas          Tloc           0%         N/A       75%         3
 Teleport Other           Tloc           0%         N/A       75%         3
 Hailstorm                Conj/Ice       0%         3d3       98%         4
 Ice Form                 Ice/Tmut       0%         N/A       98%         4
 Summon Ice Beast         Ice/Summ       0%         N/A       98%         4
 Dispersal                Tloc           0%         N/A       100%        6
 Simulacrum               Ice/Necr       0%         N/A       100%        6


Dungeon Overview and Level Annotations

Branches:
Dungeon (9/15)             Temple (1/1) D:5             Orc (0/2) D:9
 Bailey (1/1)
   Lair: D:8-11

Altars:
Ashenzari
Cheibriados
Dithmenos
Gozag
Kikubaaqudgha
Makhleb
Nemelex Xobeh
Qazlal
Ru
Sif Muna
Trog
Uskayaw
Vehumet
Wu Jian
Xom

Shops:
D:1 ?   D:5 [   D:6 [

Annotations:
Bailey 2 runed translucent doors


Innate Abilities, Weirdness & Mutations

You are mostly covered in icy blue scales. (AC +3)
You may rarely emit foul miasma when damaged in melee.
Spells you cast may paralyse nearby enemies.


Message History

Your orc warrior closely misses the orc warrior.
Your orc warrior hits the orc warrior but does no damage.
Your orc warrior barely misses the orc warrior.
The orc warrior hits your orc warrior with a +0 halberd!
Your orc warrior hits the orc warrior with a +0 trident.
Your orc warrior hits the orc warrior from afar with a +0 spear.
The orc warrior misses your orc warrior.
Your orc warrior hits the orc warrior but does no damage. x2
The orc warrior hits your orc warrior with a +0 halberd.
Your orc warrior no longer looks unusually strong.
Your orc warrior hits the orc warrior with a +0 trident!
Your orc warrior hits the orc warrior from afar with a +0 spear.
The orc warrior hits your orc warrior from afar with a +0 halberd!
Your orc warrior hits the orc warrior but does no damage. x2
The orc warrior hits your orc warrior from afar with a +0 halberd!!
Your orc warrior dies!
The orc warrior shouts!
Your Staves skill increases to level 12!
Your orc warrior hits the orc warrior with a +0 trident.
An orc warrior comes into view. It is wielding a +0 spear.
The orc warrior hits your orc warrior with a +0 halberd!
Your orc warrior dies!
u - a staff of air (weapon)
Things that are here:
a +0 halberd; a +0 ring mail; an orc corpse The orc warrior completely misses you.
Things that are here:
a +0 halberd; a +0 chain mail The orc warrior hits you but does no damage.
Things that are here:
a +0 spear; a +0 scale mail; an orc corpse The orc warrior closely misses you.
The orc warrior barely misses you.
Things that are here:
a +0 trident; a +0 scale mail; an orc corpse You closely miss the orc warrior.
The orc warrior is severely wounded.
The orc warrior hits you with a +0 spear!
* * * LOW HITPOINT WARNING * * *
The orc warrior hits you with a +0 halberd!
You die...

#≈≈≈≈≈≈≈#....# ≈≈
#≈≈≈≈≈≈≈#....# ≈≈≈
#♣♣≈≈≈≈≈#....#≈≈≈≈
♣♣♣...#....#...≈
....♣...........
.................
..####........##
#$.####''####.
#.)))@o........
##).o8....8...#
#.)########..#
#.)# .# #..# #
#..# #..#. #..#..
#..##..


You could see 2 orc warriors.

Vanquished Creatures
  A hornet (D:7)
  Sigmund (D:4)
  3 wraiths (D:9)
  3 yaks (D:7)
  Eustachio (D:5)
  A steam dragon (D:6)
  A water moccasin (D:7)
  2 orc warriors
  An ice beast (D:6)
  A black bear (D:8)
  3 centaurs
  3 phantoms
  A kobold brigand (D:8)
  Blork the orc (D:4)
  A gnoll sergeant (D:7)
  3 bullfrogs
  A necrophage (D:8)
  5 scorpions
  3 wights (D:7)
  6 killer bees (D:8)
  A vampire bat (D:3)
  3 howler monkeys
  4 hounds
  A gnoll bouda (D:6)
  A jelly (D:6)
  3 iguanas
  7 orc wizards
  10 gnolls
  12 adders
  2 white imps
  An ufetubus (D:5)
  2 worms
  3 dart slugs
  14 orcs
  5 ball pythons
  11 bats
  5 endoplasms
  2 giant cockroaches
  11 goblins
  6 hobgoblins
  A jackal (D:3)
  3 quokkas
  4 frilled lizards
  9 kobolds
  7 rats
170 creatures vanquished.

Vanquished Creatures (collateral kills)
  An orc knight (Bailey)
  An orc warrior (Bailey)
  4 orcs (Bailey)
6 creatures vanquished.

Vanquished Creatures (others)
  2 orc warriors (Bailey)
2 creatures vanquished.

Grand Total: 178 creatures vanquished

Notes
Turn   | Place    | Note
-------+----------+-------------------------------------------
     0 | D:1      | IdlyInterested the Demonspawn Gladiator began the quest for
                  | the Orb.
     0 | D:1      | Reached XP level 1. HP: 16/16 MP: 1/1
   187 | D:1      | Found Jengub's Magic Scroll Shoppe.
   205 | D:1      | Gained mutation: You are partially covered in icy blue
                  | scales. (AC +2) [demonic ancestry]
   205 | D:1      | Reached XP level 2. HP: 4/22 MP: 2/2
   677 | D:1      | Reached skill level 3 in Staves
  1208 | D:1      | Bought a scroll of identify for 24 gold pieces
  1274 | D:2      | Reached skill level 1 in Armour
  1274 | D:2      | Gained mutation: You may rarely emit foul miasma when
                  | damaged in melee. [demonic ancestry]
  1274 | D:2      | Reached XP level 3. HP: 27/27 MP: 3/3
  2074 | D:3      | Gained mutation: Spells you cast may paralyse adjacent
                  | enemies. [demonic ancestry]
  2074 | D:3      | Reached XP level 4. HP: 33/33 MP: 4/4
  2280 | D:3      | Found a snail-covered altar of Cheibriados.
  2819 | D:3      | Reached skill level 4 in Staves
  3101 | D:3      | Gained mutation: You are mostly covered in icy blue scales.
                  | (AC +3) [demonic ancestry]
  3101 | D:3      | Reached XP level 5. HP: 35/38 MP: 5/5
  3140 | D:3      | Found a sacrificial altar of Ru.
  3535 | D:4      | Noticed Blork the orc
  3544 | D:4      | Killed Blork the orc
  3684 | D:4      | Reached skill level 5 in Staves
  3684 | D:4      | Reached XP level 6. HP: 38/44 MP: 6/6
  3800 | D:4      | Found a broken altar of Ashenzari.
  3879 | D:4      | You fall into a shaft and drop 1 floor!
  3879 | D:5      | Entered Level 5 of the Dungeon
  4099 | D:4      | Reached skill level 1 in Evocations
  4510 | D:4      | Noticed Sigmund
  4514 | D:4      | Killed Sigmund
  4515 | D:4      | Reached XP level 7. HP: 49/52 MP: 7/7
  4856 | D:5      | Reached skill level 6 in Staves
  4862 | D:5      | Found a staircase to the Ecumenical Temple.
  4871 | Temple   | Entered the Ecumenical Temple
  5226 | D:5      | Found a radiant altar of Vehumet.
  5509 | D:5      | Found an opulent altar of Gozag.
  5546 | D:5      | Found Ydukh's Armour Shoppe.
  5565 | D:5      | Noticed Eustachio
  5611 | D:5      | Killed Eustachio
  5612 | D:5      | Reached skill level 7 in Staves
  5612 | D:5      | Gained mutation: Spells you cast may paralyse nearby
                  | enemies. [demonic ancestry]
  5612 | D:5      | Reached XP level 8. HP: 18/58 MP: 8/8
  6691 | D:6      | HP: 2/60 [gnoll/+0 mace[a gnoll bouda] (6)]
  6829 | D:6      | Reached skill level 8 in Staves
  6990 | D:6      | Found Mioxt's Antique Armour Emporium.
  7388 | D:6      | Reached XP level 9. HP: 59/65 MP: 9/9
  7909 | D:7      | Reached skill level 9 in Staves
  8504 | D:7      | Found a shimmering blue altar of Sif Muna.
  8597 | D:7      | Reached skill level 10 in Staves
  9451 | D:8      | Reached skill level 11 in Staves
 10075 | D:8      | Found an ancient bone altar of Kikubaaqudgha.
 10140 | D:8      | Reached XP level 10. HP: 71/71 MP: 10/10
 10787 | D:6      | Bought a fabulously ornate robe for 205 gold pieces
 10787 | D:6      | Identified the +0 robe of Winter {Rampage rElec} (You
                  | bought it in a shop on level 6 of the Dungeon)
 10870 | D:9      | Reached skill level 1 in Air Magic
 10929 | D:9      | Found a flagged portal.
 10962 | Bailey   | Entered a bailey
 11138 | Bailey   | Noticed an orc knight
 11139 | Bailey   | Found a large runed translucent door.
 11139 | Bailey   | Found a large runed translucent door.
 11154 | Bailey   | Killed an orc knight
 11162 | Bailey   | Reached skill level 12 in Staves
 11168 | Bailey   | Mangled by an orc warrior

Illustrated notes

Levels and vault maps discovered:
D:1:      spicycebolla_arrival_ecumenical, layout_basic, serial_shops, shop
D:2:      layout_loops_ring, minivault_24, lemuel_flame_loot_1
D:3:      layout_basic, general_overflow_altar, overflow_temple_1_default,
          roderic_batcave, minmay_joined_circles
D:4:      layout_cave_pods, lemuel_coloured_pillars_altar,
          lightli_corner_chamber, uniq_blork_the_orc, uniq_sigmund
D:5:      layout_cave_pools, mainiacjoe_overflow_paths,
          nicolae_gozag_cash_rules_everything_around_me,
          minmay_temple_entry_slanted, serial_shops, nicolae_shop_crystal,
          minmay_misc_feat_room, st_stairs_4, roderic_roman_lattice,
          minmay_misc_feat_five, uniq_eustachio
D:6:      layout_loops_ring, serial_shops, shop
D:7:      layout_cave_pools, kennysheep_orc_sif_temple,
          chequers_serial_rivers_small_3, hangedman_decor_opposing,
          kennysheep_another_room
D:8:      layout_basic, zin_scriptorium, kiku_gazebo_pond_becter
D:9:      layout_rooms, kennysheep_mini_moat,
          nicolae_hepliaklqana_monster_ancestors,
          yredelemnul_forgotten_temple_becter, david_orc_5, enter_bailey_3
Temple:   jpeg_temple_alley_garden
Bailey:   bailey_polearm_elven_captive_hellmonk, bailey

Skill      XL: |  1  2  3  4  5  6  7  8  9 10 |
---------------+-------------------------------+-----
Dodging        | 3 4 |  4.0
Staves         | 3 4 5 7 8 11 12 | 12.0
Throwing       | 2 3 |  3.0
Armour         | 1 2 3 4 |  4.0
Fighting       | 3 4 |  4.0
Evocations     | 2 3 |  3.7
Air Magic      | 2 |  2.0

Action                   |  1- 3 |  4- 6 |  7- 9 | 10-12 || total
-------------------------+-------+-------+-------+-------++-------
Melee: Quarterstaff      |    91 |   198 |   444 |    61 ||   794
       Staff             |       |       |       |     1 ||     1
Throw: Dart              |       |       |     1 |       ||     1
Evoke: Wand              |       |     4 |     9 |     4 ||    17
  Use: Scroll            |     7 |     5 |     7 |     2 ||    21
       Potion            |       |     4 |     3 |       ||     7
 Stab: Sleeping          |       |       |       |     1 ||     1
Armor: Leather armour    |     7 |       |       |       ||     7
       Chain mail        |    48 |    17 |       |       ||    65
       Plate armour      |       |   218 |   254 |       ||   472
       Steam dragon scal |       |       |    64 |    35 ||    99
Dodge: Dodged            |    30 |    77 |   215 |    58 ||   380

Table legend: (Time is in decaauts)
 A = Elapsed time spent in this place.
 B = Non-inter-level travel time spent in this place.
 C = Inter-level travel time spent in this place.
 D = Time resting spent in this place.
 E = Time spent auto-exploring this place.
 F = Levels seen in this place.
 G = Mean time per level.
                   A        B        C        D        E       F      G
               +--------+--------+--------+--------+--------+-----+--------+
         Total |  11112 |  10558 |    554 |   3501 |   5109 |  11 | 1010.2 |
       Dungeon |  10620 |  10120 |    500 |   3359 |   4856 |   9 | 1180.0 |
        Temple |    288 |    234 |     54 |      0 |    229 |   1 |  288.0 |
        Bailey |    203 |    203 |      0 |    142 |     24 |   1 |  203.0 |
               +--------+--------+--------+--------+--------+-----+--------+

Top non-repeatable levels by time:
     D:6: 1627 daAuts
     D:7: 1476 daAuts
     D:3: 1449 daAuts
     D:8: 1405 daAuts
     D:4: 1300 daAuts
     D:1: 1233 daAuts
     D:5: 1180 daAuts
     D:2: 834 daAuts
  Temple: 288 daAuts
  Bailey: 203 daAuts
     D:9: 111 daAuts
